 Dungeon Crawl Stone Soup version 0.30-a0-824-g6c64550be9 (webtiles) character file.

Game seed: 2156202576387503538

16 demibob the Ruffian (level 2, -3/34 HPs)
             Began as a Draconian Transmuter on Feb 27, 2023.
             Succumbed to a kobold's poison
             ... on level 1 of the Dungeon.
             The game lasted 00:00:59 (426 turns).

demibob the Ruffian (Draconian Transmuter)           Turns: 426, Time: 00:00:59

Health: -3/34      AC: 21    Str: 12    XL:     2   Next: 37%
Magic:  4/5        EV:  2    Int: 13    God:
Gold:   83         SH:  0    Dex: 11    Spells: 2/5 levels left

rFire   . . .      SeeInvis .      - Unarmed
rCold   . . .      Faith    .    (no shield)
rNeg    . . .      Spirit   .    (body armour unavailable)
rPois   +          Reflect  .    (helmet currently unavailable)
rElec   .          Harm     .    (cloak currently unavailable)
rCorr   .          Rampage  .    (gloves currently unavailable)
Will    .....      NoTele   +    (boots currently unavailable)
Stlth   +                        (no amulet)
HPRegen 0.25/turn                (no ring)
MPRegen 0.09/turn                (no ring)

@: lethally poisoned (-3 -> -17), tree-form
A: stationary, stasis, torment immunity, boosted hp, AC +4, unfitting armour,
(cold-blooded)
a: no special abilities


You were on level 1 of the Dungeon.
You were a tree.
You visited 1 branch of the dungeon, and saw 1 of its levels.

You collected 83 gold pieces.


Innate Abilities, Weirdness & Mutations

You are a tree.
Your roots penetrate the ground, keeping you stationary.
You cannot be teleported.
You are immune to unholy pain and torment.
Your maximum health is greatly increased.
Your equipment is partially melded.
((Your plain brown scales are hard. (AC +4)))
You cannot fit into any form of body armour.
((You are cold-blooded and may be slowed by cold attacks.))


   Skills:
 - Level 1.1 Fighting
 - Level 1.7 Dodging
 + Level 3.7 Unarmed Combat
 - Level 2.0 Spellcasting
 + Level 2.1 Transmutations


You had 2 spell levels left.
You knew the following spells:

 Your Spells              Type           Power      Damage    Failure   Level
b - Beastly Appendage     Tmut           12%        N/A       11%         1
w - Wereblood             Tmut           6%         N/A       16%         2

Your spell library contained the following spells:

 Spells                   Type           Power      Damage    Failure   Level
 Spider Form              Tmut/Pois      4%         N/A       45%         3
 Ice Form                 Ice/Tmut       4%         N/A       86%         4

Inventory:

Armour
 d - a +2 cloak (melded)
Scrolls
 b - a scroll of teleportation {unknown}
 c - a scroll of vulnerability {unknown}
 e - a scroll of identify {unknown}

Dungeon Overview and Level Annotations

Branches:
Dungeon (1/15)

Altars:

Shops:
D:1

[ ..#######.... ..#
#.##.......## #.#
#†##.#.......
#.###.##.#.##.###
#.##...(.#.##.#
##.##..####.##.###
#.###...#..####.##....
#...............######
.###♣..#..######
......)......# #
#.########.#.# ##
....... #####.
###....... ......
#..#.### #####. #..#.#
## ..# # #


There were no monsters in sight!


Message History

You tail-slap the kobold, but do no damage.
The kobold hits you with a +2 short sword of venom.
You are poisoned.
You closely miss the kobold.
You feel very sick. The kobold hits you but does no damage.
You are more poisoned.
You grow a pair of large bovine horns.
Your feet morph into talons.
You feel very sick. The kobold hits you but does no damage.
You are lethally poisoned!
You closely miss the kobold. Your kick misses the kobold.
Your tail-slap misses the kobold.
Your punch misses the kobold.
You feel very sick.
The kobold hits you with a +2 short sword of venom.
* * * LOW HITPOINT WARNING * * *
You are more poisoned.
Really quaff the potion of lignification?
Your horns disappear.
Your talons disappear.
You turn into a tree.
Your +2 cloak melds into your body.
Your roots penetrate the ground.
* * * LOW HITPOINT WARNING * * *
You feel very sick. The kobold hits you but does no damage.
You smack the kobold!
You kill the kobold!
* * * LOW HITPOINT WARNING * * *
You feel very sick.
You cannot move.
You die...

Action                     || total
---------------------------++-------
  Melee: Unarmed           ||    36
         Kick              ||     5
         Headbutt          ||     3
         Tailslap          ||     3
         Punch             ||     1
   Cast: Beastly Appendage ||     5
    Use: Potion            ||     1
 Armour: Skin              ||     7
  Dodge: Dodged            ||    19

Levels and vault maps discovered:
D:1:      dpeg_arrival_rooms_a, layout_loops_ring, serial_shops,
          nicolae_shop_waterfront

Notes
Turn   | Place    | Note
-------+----------+-------------------------------------------
     0 | D:1      | demibob the Draconian Transmuter began the quest for the
                  | Orb.
     0 | D:1      | Reached XP level 1. HP: 16/16 MP: 3/3
    40 | D:1      | Found Tawo's Antique Armour Shoppe.
   343 | D:1      | Reached XP level 2. HP: 22/23 MP: 3/5
   348 | D:1      | Learned a level 2 spell: Wereblood
   425 | D:1      | HP: 1/34 [poisoned by a kobold]
   426 | D:1      | Succumbed to a kobold's poison

Vanquished Creatures
  A dart slug (D:1)
  3 endoplasms (D:1)
  3 hobgoblins (D:1)
  3 kobolds (D:1)
  A ball python (D:1)
  A bat (D:1)
12 creatures vanquished.

Table legend: (Time is in decaauts)
 A = Elapsed time spent in this place.
 B = Non-inter-level travel time spent in this place.
 C = Inter-level travel time spent in this place.
 D = Time resting spent in this place.
 E = Time spent auto-exploring this place.
 F = Levels seen in this place.
 G = Mean time per level.
                   A        B        C        D        E       F      G
               +--------+--------+--------+--------+--------+-----+--------+
         Total |    424 |    424 |      0 |      0 |    331 |   1 |  424.0 |
       Dungeon |    424 |    424 |      0 |      0 |    331 |   1 |  424.0 |
               +--------+--------+--------+--------+--------+-----+--------+

Top non-repeatable levels by time:
     D:1: 424 daAuts

Table legend:
 A = Non-vault XP
 B = Vault XP
 C = Vault XP percentage of total XP
 D = Non-vault monster count
 E = Vault monster count
 F = Vault count percentage of total count
                 A         B        C        D         E       F
            +---------+---------+-------+---------+---------+-------
      Total |      23 |       0 |   0.0 |      12 |       0 |   0.0
            +---------+---------+-------+---------+---------+-------
        D:1 |      23 |       0 |   0.0 |      12 |       0 |   0.0
            +---------+---------+-------+---------+---------+-------
